 Dungeon Crawl Stone Soup version 0.32-a0-933-ga8fa363 (webtiles) character file.

Game seed: 4763937143144333660

20 diche the Ducker (level 2, 26/26 HPs)
             Began as a Gnoll Gladiator on Apr 14, 2024.
             Was a High Priest of Ignis.
             Quit the game on level 1 of the Dungeon.
             The game lasted 00:00:47 (654 turns).

diche the Ducker (Gnoll Gladiator)                   Turns: 654, Time: 00:00:48

Health: 26/26      AC:  6    Str: 13    XL:     2   Next: 79%
Magic:  2/2        EV: 11    Int:  7    God:    Ignis [*****.]
Gold:   37         SH:  5    Dex: 13    Spells: 2/2 levels left

rFire   + . .        a - +0 long sword
rCold   . . .        (no shield)
rNeg    . . .        j - +0 ring mail
rPois   .            c - +0 helmet
rElec   .            (no cloak)
rCorr   .            (no gloves)
SInv    .            (no boots)
Will    .....        b - amulet of reflection
Stlth   +            (no ring)
HPRegen 0.24/turn    (no ring)
MPRegen 0.08/turn

%: reflection
@: no status effects
A: fangs 1, strong nose, distributed training
a: Renounce Religion, Fiery Armour, Foxfire Swarm, Rising Flame


You were on level 1 of the Dungeon.
You worshipped Ignis.
Ignis was extremely pleased with you.
You visited 1 branch of the dungeon, and saw 1 of its levels.

You collected 37 gold pieces.

Inventory:

Hand Weapons
 a - a +0 long sword (weapon)
Missiles
 d - 3 throwing nets (quivered)
 e - a javelin
 h - 6 poisoned darts
Armour
 c - a +0 helmet (worn)
 j - a +0 ring mail (worn)
Jewellery
 b - an amulet of reflection (around neck)
Scrolls
 f - a scroll of teleportation {unknown}
 g - 2 scrolls of identify {unknown}
Potions
 i - a potion of invisibility {unknown}


   Skills:
 + Level 4.5 Fighting
 + Level 0.5 Short Blades
 + Level 6.5 Long Blades
 + Level 0.5 Axes
 + Level 0.5 Maces & Flails
 + Level 0.5 Polearms
 + Level 0.5 Staves
 + Level 0.5 Ranged Weapons
 + Level 4.5 Throwing
 + Level 0.5 Armour
 + Level 6.5 Dodging
 + Level 0.5 Stealth
 + Level 0.5 Shields
 + Level 0.5 Unarmed Combat
 + Level 0.5 Spellcasting
 + Level 0.4 Conjurations
 + Level 0.4 Hexes
 + Level 0.4 Summonings
 + Level 0.4 Necromancy
 + Level 0.4 Translocations
 + Level 0.4 Fire Magic
 + Level 0.4 Ice Magic
 + Level 0.4 Air Magic
 + Level 0.4 Earth Magic
 + Level 0.4 Alchemy
 + Level 0.7 Invocations
 + Level 0.5 Evocations
 + Level 0.5 Shapeshifting


You had 2 spell levels left.
You didn't know any spells.
Your spell library was empty.

Dungeon Overview and Level Annotations

Branches:
Dungeon (1/15)

Altars:
Ignis


Innate Abilities, Weirdness & Mutations

You have very sharp teeth.
Your uncanny sense of smell can sniff out nearby items.
Your experience applies equally to all skills.


Message History

The hobgoblin hits you but does no damage.
The hobgoblin hits you. 4의 피해를 받았습니다. 현재 남은 체력은 [22/26] 입니다.
You slash the hobgoblin!
You kill the hobgoblin!
g - 2 scrolls labelled WYREABRAELL (gained 1)
b - an amulet of reflection A kobold comes into view.
It is wielding a +0 dagger.
The kobold shouts! 체력이 전부 회복되었습니다. (26)
You start putting on your amulet.
You continue putting on your amulet of reflection. x2
The kobold hits you with a +0 dagger.
You continue putting on your amulet of reflection.
The kobold hits you with a +0 dagger.
You continue putting on your amulet of reflection.
The kobold hits you but does no damage.
You continue putting on your amulet of reflection.
The kobold hits you but does no damage.
You finish putting on your amulet of reflection.
You feel a shielding aura gather around you.
b - an amulet of reflection (around neck) 1의 피해를 받았습니다. 현재 남은 체력은 [25/26] 입니다.
You hit the kobold.
The kobold is moderately wounded.
The kobold hits you but does no damage.
You slash the kobold!
You kill the kobold! 체력이 전부 회복되었습니다. (26) No target in view!
No target in view!
Okay, then.
Things that are here:
a +0 dagger; a kobold corpse
Found a faded altar of an unknown god.
There is a faded altar of an unknown god here.
This altar belongs to (a) Ignis, (b) Cheibriados or (c) Gozag, but you can't tell which.
Press the corresponding letter to learn more about a god, or press enter to convert or escape to cancel.
Ignis accepts your prayer! Ignis welcomes you!
Are you sure you want to abandon this character and quit the game? (Confirm with "yes".)

#.# .#
#.##############.#####
#.....................
##############...#####
####.### ##### #....#
#∩.⌠# #)#### #...###.#
#.@.....# #...#####
##.## #.. #.# ###


There were no monsters in sight!

Vanquished Creatures
  A dart slug (D:1)
  An endoplasm (D:1)
  3 giant cockroaches (D:1)
  6 hobgoblins (D:1)
  2 kobolds (D:1)
  A ball python (D:1)
14 creatures vanquished.

Notes
Turn   | Place    | Note
-------+----------+-------------------------------------------
     0 | D:1      | diche the Gnoll Gladiator began the quest for the Orb.
     0 | D:1      | Reached XP level 1. HP: 20/20 MP: 1/1
   334 | D:1      | Reached XP level 2. HP: 20/26 MP: 2/2
   647 | D:1      | Found a faded altar of an unknown god.
   653 | D:1      | Prayed at the altar of an unknown god.
   653 | D:1      | Became a worshipper of Ignis, the Dying Flame
   654 | D:1      | Quit the game

Illustrated notes

Levels and vault maps discovered:
D:1:      dpeg_arrival_circle_labyrinth_c, layout_basic,
          ebering_ecumenical_altar_abandoned

Action                     || total
---------------------------++-------
  Melee: Long sword        ||    38
         Bite              ||     2
 Armour: Leather armour    ||    17
         Ring mail         ||     9
  Dodge: Dodged            ||    16

Table legend: (Time is in decaauts)
 A = Elapsed time spent in this place.
 B = Non-inter-level travel time spent in this place.
 C = Inter-level travel time spent in this place.
 D = Time resting spent in this place.
 E = Time spent auto-exploring this place.
 F = Levels seen in this place.
 G = Mean time per level.
                   A        B        C        D        E       F      G
               +--------+--------+--------+--------+--------+-----+--------+
         Total |    657 |    657 |      0 |      0 |    542 |   1 |  657.0 |
       Dungeon |    657 |    657 |      0 |      0 |    542 |   1 |  657.0 |
               +--------+--------+--------+--------+--------+-----+--------+

Top non-repeatable levels by time:
     D:1: 657 daAuts
